 Dungeon Crawl Stone Soup version 0.30-a0-737-gf23d94013f (webtiles) character file.

Game seed: 8452573354745833831

63 jimonade the Sneak (level 4, -1/33 HPs)
             Began as a Djinni Brigand on Feb 2, 2023.
             Slain by a quokka (2 damage)
             ... on level 1 of the Dungeon.
             The game lasted 00:02:48 (896 turns).

jimonade the Sneak (Djinni Brigand)                  Turns: 896, Time: 00:02:49

Health: -1/33      AC:  3    Str: 10    XL:     4   Next: 30%
Gold:   130        EV: 12    Int: 19    God:
                   SH:  0    Dex: 16

rFire   + + .      SeeInvis +    a - +2 dagger
rCold   x . .      Faith    .    (no shield)
rNeg    . . .      Spirit   .    b - +0 robe
rPois   ∞          Reflect  .    (no helmet)
rElec   .          Harm     .    c - +0 cloak
rCorr   .          Rampage  .    (no gloves)
Will    .....                    (boots unavailable)
Stlth   +++                      (no amulet)
HPRegen 0.25/turn                h - +6 ring of intelligence
MPRegen 0.00/turn                i - ring of see invisible

@: flying
A: sickness immunity, fire resistance 2, cold vulnerability 1, float, innate
caster, HP casting, extra vitality 1
a: no special abilities


You were on level 1 of the Dungeon.
You visited 1 branch of the dungeon, and saw 2 of its levels.

You collected 130 gold pieces.

Inventory:

Hand Weapons
 a - a +2 dagger (weapon)
Missiles
 d - 8 poisoned darts (quivered)
 e - 3 curare-tipped darts
Armour
 b - a +0 robe (worn)
 c - a +0 cloak (worn)
Jewellery
 h - a +6 ring of intelligence (left hand)
 i - a ring of see invisible (right hand)
Scrolls
 f - 3 scrolls of teleportation {unknown}
 g - a scroll of amnesia {unknown}
 j - a scroll of enchant armour {unknown}
 l - a scroll of poison {unknown}
Potions
 k - a potion of curing {unknown}
 m - a potion of attraction {unknown}
 n - a potion of haste {unknown}


   Skills:
 + Level 2.2 Fighting
 * Level 2.5 Short Blades
 + Level 1.5 Throwing
 + Level 1.2 Dodging
 + Level 4.0 Stealth
 * Level 0.8 Spellcasting


You had 3 spell levels left.
You knew the following spells:

 Your Spells              Type           Power      Damage    Failure   Level
a - Sting                 Tmut/Pois      16%        1d3       14%         1
Your spell library was empty.

Dungeon Overview and Level Annotations

Branches:
Dungeon (2/15)

Altars:


Innate Abilities, Weirdness & Mutations

You are immune to sickness and miasma.
You are immune to poison.
Your flesh is very heat resistant. (rF++)
You are vulnerable to cold. (rC-)
You float through the air rather than walking.
You learn spells naturally, not from books.
Your magical power is your life essence.
You have superior vitality. (+4 MHP)


Message History

The quokka bites you. The adder bites you.
You closely miss the adder.
The adder is moderately wounded.
The quokka looks more healthy.
The quokka misses you. The adder bites you.
The kobold hits you with a +0 short sword.
You miss the adder.
The adder is moderately wounded.
The adder bites you. The quokka closely misses you.
The kobold hits you with a +0 short sword.
The adder barely misses you.
You hit the adder.
The adder is heavily wounded.
The quokka bites you. The kobold barely misses you.
The adder barely misses you.
You hit the adder but do no damage.
The adder is heavily wounded.
The quokka barely misses you.
The kobold hits you with a +0 short sword.
* * * LOW HITPOINT WARNING * * *
The adder completely misses you. The quokka completely misses you.
The adder bites you.
* * * LOW HITPOINT WARNING * * *
The kobold hits you with a +0 short sword.
* * * LOW HITPOINT WARNING * * *
The quokka bites you but does no damage.
You fly upwards.
There is a stone staircase leading down here.
You hit the adder.
The adder is almost dead.
The adder closely misses you. The quokka barely misses you.
The kobold closely misses you.
You hit the adder.
You kill the adder!
The quokka closely misses you.
The kobold hits you with a +0 short sword.
* * * LOW HITPOINT WARNING * * *
You barely miss the kobold. The quokka misses you.
The kobold barely misses you.
You closely miss the kobold. The quokka bites you.
You die...

### #....## #.....'.##..#.. #.#
#.....####.....#.##....† #.######
####..##.........##..### #......#
#..####.##+##.......# #......#
#..........##.....#.# #......#
##.....##....#.##....# #.#....#
#......#.....#.##.#### #.#....#
#.#.#.K........#.....#
#......#####.#.#@r.....##........
#.##.####............#.##........
#:...............................
#########.####..###...####.......
.# #.# #..........###...... .#
####.# #.####.....#........ .#
#....####.#........#...##†.# .###
#.##........##.........##..#
.#.###.#....##.#.##).........#...


You could see a quokka and a kobold.

Vanquished Creatures
  4 adders
  2 endoplasms (D:1)
  A goblin (D:2)
  4 jackals
  5 kobolds
  A quokka (D:1)
  3 ball pythons (D:1)
  4 bats
  2 rats (D:1)
26 creatures vanquished.

Vanquished Creatures (others)
  8 plants (D:2)
8 creatures vanquished.

Grand Total: 34 creatures vanquished

Notes
Turn   | Place    | Note
-------+----------+-------------------------------------------
     0 | D:1      | jimonade the Djinni Brigand began the quest for the Orb.
     0 | D:1      | Reached XP level 1. HP: 18/18 MP: 0/0
    89 | D:1      | Reached XP level 2. HP: 3/23 MP: 0/0
   605 | D:2      | Reached XP level 3. HP: 21/28 MP: 0/0
   605 | D:2      | Learned a level 1 spell: Sting
   679 | D:2      | Reached skill level 4 in Stealth
   679 | D:2      | Reached XP level 4. HP: 9/33 MP: 0/0
   894 | D:1      | HP: 1/33 [kobold/+0 short sword (2)]
   896 | D:1      | Slain by a quokka

Illustrated notes

Levels and vault maps discovered:
D:1:      lightli_arrival_maybe_door_vault, layout_basic
D:2:      minmay_chambers_of_twos, layout_rooms, serial_forest,
          infiniplex_forest_clump_tiny, infiniplex_forest_lined_2,
          infiniplex_forest_lined_corner, infiniplex_forest_split,
          infiniplex_forest_pool, infiniplex_forest_lined_2,
          infiniplex_forest_end_double, infiniplex_forest_clump_small,
          basic_altar, nicolae_figureground_sparkle

Skill      XL: |  1  2  3 |
---------------+----------+-----
Short Blades   | 2 |  2.5
Stealth        | 4 |  4.0
Fighting       | |  2.2
Throwing       | |  1.5
Dodging        | |  1.2
Spellcasting   | |  0.8

Action                     |  1- 3 |  4- 6 || total
---------------------------+-------+-------++-------
  Melee: Dagger            |    93 |    26 ||   119
         Punch             |     1 |       ||     1
  Throw: Dart              |       |     1 ||     1
   Stab: Sleeping          |     2 |       ||     2
 Armour: Robe              |    22 |    14 ||    36
  Dodge: Dodged            |    62 |    30 ||    92

Table legend: (Time is in decaauts)
 A = Elapsed time spent in this place.
 B = Non-inter-level travel time spent in this place.
 C = Inter-level travel time spent in this place.
 D = Time resting spent in this place.
 E = Time spent auto-exploring this place.
 F = Levels seen in this place.
 G = Mean time per level.
                   A        B        C        D        E       F      G
               +--------+--------+--------+--------+--------+-----+--------+
         Total |    883 |    849 |     34 |      0 |    604 |   2 |  441.5 |
       Dungeon |    883 |    849 |     34 |      0 |    604 |   2 |  441.5 |
               +--------+--------+--------+--------+--------+-----+--------+

Top non-repeatable levels by time:
     D:1: 588 daAuts
     D:2: 295 daAuts
